 Dungeon Crawl Stone Soup version 0.27-a0-522-g46bbb28828 (webtiles) character file.

Game seed: 1530540001575057976

158 HoaS the Ruffian (level 4, 0/36 HPs)
             Began as a Demigod Gladiator on Mar 4, 2021.
             Slain by Grinder (4 damage)
             ... while paralysed by Grinder
             ... on level 3 of the Dungeon.
             The game lasted 00:05:19 (3109 turns).

HoaS the Ruffian (Demigod Gladiator)                Turns: 3109, Time: 00:05:19

Health: 0/36       AC:  9    Str: 19    XL:     4   Next: 94%
Magic:  6/6        EV:  2    Int: 10    God:
Gold:   155        SH:  0    Dex: 15    Spells: 3/3 levels left

rFire    . . .     SeeInvis .     - Unarmed
rCold    . . .     Faith    .   (no shield)
rNeg     . . .     Spirit   .   d - +0 chain mail
rPois    .         Reflect  .   b - +0 helmet
rElec    .         Harm     .   (no cloak)
rCorr    .         Rampage  .   (no gloves)
Will     .....                  (no boots)
Stlth    ..........             (no amulet)
HPRegen  0.12/turn              (no ring)
MPRegen  0.10/turn              (no ring)

@: paralysed
A: high mp 1, forlorn
a: no special abilities


You were on level 3 of the Dungeon.
You visited 1 branch of the dungeon, and saw 3 of its levels.

You collected 155 gold pieces.

Inventory:

Missiles
 c - 3 throwing nets (quivered)
 f - 7 poisoned darts
Armour
 b - a +0 helmet (worn)
 d - a +0 chain mail (worn)
Wands
 a - a wand of mindburst (12)
Scrolls
 e - 2 scrolls of teleportation
Potions
 g - a potion of haste
 h - a potion of attraction {unknown}


   Skills:
 - Level 1.7 Fighting
 - Level 1.7 Throwing
 - Level 2.6 Dodging
 + Level 5.4 Unarmed Combat


You had 3 spell levels left.
You didn't know any spells.
Your spell library was empty.

Dungeon Overview and Level Annotations

Branches:
Dungeon (3/15)

Annotations:
D:3 Grinder


Innate Abilities, Weirdness & Mutations

Your attributes grow dramatically as you level up.
You have an increased reservoir of magic. (+10% MP)
You shall have no god before yourself.


Message History

Grinder gestures at you. Pain shoots through your body!
Aiming: Mindburst
Press: ? - help, Shift-Dir - straight line, f/p - Grinder
Aim: Grinder (heavily wounded, chance to affect: 65%) Grinder's mind is blasted!
Grinder gestures at you. You resist with significant effort.
Grinder gestures at you. Pain shoots through your body!
Grinder gestures at you. Pain shoots through your body!
Grinder drinks a potion.
Grinder is healed!
Grinder barely misses you.
You closely miss Grinder.
Grinder is heavily wounded.
Grinder completely misses you.
You hit Grinder.
Grinder is heavily wounded.
Grinder hits you.
You writhe in agony.
* * * LOW HITPOINT WARNING * * *
You closely miss Grinder.
Grinder is heavily wounded.
You hit Grinder but do no damage.
Grinder is heavily wounded.
Grinder hits you.
* * * LOW HITPOINT WARNING * * *
You writhe in agony.
* * * LOW HITPOINT WARNING * * *
You barely miss Grinder.
Grinder is heavily wounded.
Grinder closely misses you.
You closely miss Grinder. You punch Grinder, but do no damage.
Grinder is heavily wounded.
Grinder gestures at you.
You suddenly lose the ability to move!
Grinder hits you.
* * * LOW HITPOINT WARNING * * *
You writhe in agony.
You die...

#. #. # ###.
... ...
.....#.########
.........##...#
.......#.##...#
.......#5##...#
#......#@##...#
#......#......#
#.....5#(.....#
.......#......#
.##....#......#
#......#
#.#####)#######
###
...............
...
.<#####.#######
####


You could see Grinder.

Vanquished Creatures
  Ijyb (D:3)
  4 gnolls
  3 adders
  2 dart slugs
  A leopard gecko (D:1)
  An orc (D:3)
  6 bats
  6 giant cockroaches
  7 goblins
  7 hobgoblins
  8 jackals
  A quokka (D:3)
  4 frilled lizards
  3 kobolds
  5 rats
59 creatures vanquished.

Notes
Turn   | Place    | Note
-------+----------+-------------------------------------------
     0 | D:1      | HoaS the Demigod Gladiator began the quest for the Orb.
     0 | D:1      | Reached XP level 1. HP: 17/17 MP: 3/3
    81 | D:1      | Reached skill level 3 in Unarmed Combat
    81 | D:1      | Reached XP level 2. HP: 18/24 MP: 4/4
  1030 | D:1      | Reached XP level 3. HP: 29/29 MP: 5/5
  1053 | D:1      | Reached skill level 4 in Unarmed Combat
  2149 | D:3      | Reached XP level 4. HP: 27/36 MP: 6/6
  2449 | D:3      | Reached skill level 5 in Unarmed Combat
  2707 | D:3      | Noticed Ijyb
  2775 | D:3      | Killed Ijyb
  3089 | D:3      | Noticed Grinder
  3108 | D:3      | Paralysed by Grinder for 2 turns
  3109 | D:3      | Slain by Grinder

Illustrated notes

Levels and vault maps discovered:
D:1:      kennysheep_arrival_seaside, layout_rooms, serial_aquarium,
          aquarium_bridge_square [aquarium_subvault_wall,
          aquarium_subvault_balcony, aquarium_subvault_bridge,
          aquarium_subvault_window], aquarium_bridge_long_joined
          [aquarium_subvault_balcony, aquarium_subvault_wall,
          aquarium_subvault_wall, aquarium_subvault_bridge,
          aquarium_subvault_bridge, aquarium_subvault_bridge],
          aquarium_window_corridor_3, aquarium_window_1, aquarium_window_2,
          aquarium_window_1, aquarium_view_2e
D:2:      layout_rooms, overflow_temple_1_default, zin_treasury,
          elyvilon_altar_4
D:3:      layout_basic, uniq_ijyb, uniq_grinder

Skill      XL: |  1  2  3  4 |
---------------+-------------+-----
Unarmed Combat | 3 4 5 |  5.4
Fighting       | |  1.7
Throwing       | |  1.7
Dodging        | |  2.6

Action                   |  1- 3 |  4- 6 || total
-------------------------+-------+-------++-------
Melee: Unarmed           |   130 |   122 ||   252
       Punch             |     2 |     3 ||     5
Evoke: Wand              |       |     2 ||     2
  Use: Scroll            |     5 |     2 ||     7
       Potion            |       |     1 ||     1
Armor: Leather armour    |    20 |       ||    20
       Ring mail         |    22 |    52 ||    74
       Chain mail        |       |    10 ||    10
Dodge: Dodged            |    66 |    67 ||   133

Table legend: (Time is in decaauts)
 A = Elapsed time spent in this place.
 B = Non-inter-level travel time spent in this place.
 C = Inter-level travel time spent in this place.
 D = Time resting spent in this place.
 E = Time spent auto-exploring this place.
 F = Levels seen in this place.
 G = Mean time per level.
                   A        B        C        D        E       F      G
               +--------+--------+--------+--------+--------+-----+--------+
         Total |   3095 |   2991 |    104 |    994 |   1435 |   3 | 1031.7 |
       Dungeon |   3095 |   2991 |    104 |    994 |   1435 |   3 | 1031.7 |
               +--------+--------+--------+--------+--------+-----+--------+

Top non-repeatable levels by time:
     D:1: 1364 daAuts
     D:3: 1166 daAuts
     D:2: 564 daAuts
